 Dungeon Crawl Stone Soup version 0.21-a0-225-g207ae17 (console) character file.

37 Akra the Ducker (level 3, -1/22 HPs)
             Began as a Deep Elf Abyssal Knight on Aug 28, 2017.
             Was a Follower of Lugonu.
             Slain by an adder (4 damage)
             ... on level 2 of the Dungeon.
             The game lasted 00:04:14 (1399 turns).

Akra the Ducker (Deep Elf Abyssal Knight)           Turns: 1399, Time: 00:04:14

Health: -1/22      AC:  3    Str:  9    XL:     3   Next: 21%
Magic:  6/6        EV: 13    Int: 17    God:    Lugonu [*.....]
Gold:   58         SH:  0    Dex: 14    Spells: 2/2 levels left

rFire    . . .     SeeInvis .   a - +1 short sword
rCold    . . .     Gourm    .   (no shield)
rNeg     . . .     Faith    .   b - +0 leather armour
rPois    .         Spirit   .   (no helmet)
rElec    .         Reflect  .   (no cloak)
rCorr    .         Harm     .   (no gloves)
MR       .....                  (no boots)
Stlth    +.........             (no amulet)
HPRegen  0.07/turn              (no ring)
MPRegen  0.10/turn              (no ring)

@: flying, slowed, very slow
A: no striking features
a: Depart the Abyss, Renounce Religion


You were on level 2 of the Dungeon.
You worshipped Lugonu.
Lugonu was aware of your devotion.
You were very hungry.

You visited 1 branch of the dungeon, and saw 2 of its levels.
You visited the Abyss 1 time.

You collected 58 gold pieces.

Inventory:

Hand Weapons
 a - a +1 short sword (weapon)
Armour
 b - a +0 leather armour (worn)
Scrolls
 d - a scroll of enchant armour {unknown}
 e - a scroll of teleportation {unknown}
 f - 3 scrolls of identify {unknown}
Comestibles
 c - 2 bread rations


   Skills:
 - Level 2.4 Fighting
 * Level 2.6 Short Blades
 - Level 0.7 Armour
 + Level 3.5 Dodging
 + Level 2.4 Invocations


You had 2 spell levels left.
You didn't know any spells.

Dungeon Overview and Level Annotations

Branches:
Dungeon (2/15)

Altars:

Annotations:
D:2 Jessica


Message History

* * * LOW HITPOINT WARNING * * *
A worm comes into view.
You hit Jessica.
Jessica is severely wounded.
Jessica closely misses you.
Jessica casts a spell.
Jessica blinks!
You barely miss the adder. The adder misses you. The adder barely misses you.
You miss the adder. The adder bites you but does no damage.
The adder misses you.
Okay, then.
You completely miss the adder. The adder bites you but does no damage.
The adder closely misses you.
You barely miss the adder. The adder closely misses you.
The adder barely misses you.
Jessica casts a spell.
Jessica blinks!
You closely miss the adder. The adder bites you.
* * * LOW HITPOINT WARNING * * *
The adder barely misses you.
You closely miss the adder. The adder bites you.
You die...

### #.# ##.# ##..#
#######+##...#
.............# ###
.............# #.#
S...........w###.#
#######+##..@S@..#
##..##..# #####.##
#.# ##.# #..# #.##
#.# #.# #.# #..#
##.#


You could see a worm, an adder and Jessica.

Vanquished Creatures
  A gnoll (D:1)
  An ooze (D:1)
  2 dart slugs (D:1)
  2 leopard geckos (D:1)
  A giant cockroach (D:2)
  A goblin (D:1)
  A hobgoblin (D:1)
  5 kobolds (D:1)
  A bat (D:1)
  A frilled lizard (D:1)
  2 rats
18 creatures vanquished.

Notes
Turn   | Place    | Note
-------+----------+-------------------------------------------
     0 | Abyss:1  | Akra the Deep Elf Abyssal Knight began the quest for the Orb.
     0 | Abyss:1  | Reached XP level 1. HP: 13/13 MP: 4/4
    18 | Abyss:1  | Found a corrupted altar of Lugonu.
    43 | Abyss:1  | Noticed a starcursed mass
    44 | D:1      | Escaped the Abyss
   357 | D:1      | Reached * piety under Lugonu
   361 | D:1      | Reached XP level 2. HP: 4/18 MP: 5/5
   707 | D:1      | Reached skill level 3 in Dodging
   986 | D:1      | Reached XP level 3. HP: 22/22 MP: 6/6
  1369 | D:2      | Noticed Jessica
  1399 | D:2      | Slain by an adder

Vault maps used:
D:1:      matt_arrival_los_fun, minmay_misc_feat_diagonals
D:2:      kennysheep_six_static_rooms, uniq_jessica

Skill      XL: |  1  2 |
---------------+-------+-----
Dodging        | 3 |  3.5
Fighting       | |  2.4
Short Blades   | |  2.6
Armour         | |  0.7
Invocations    | |  2.4

Action                   || total
-------------------------++-------
Melee: Short sword       ||    65
Invok: Depart the Abyss  ||     1
  Use: Potion            ||     1
Armor: Leather armour    ||    14
Dodge: Dodged            ||    53

Table legend:
 A = Spawn XP
 B = Non-spawn XP
 C = Spawn XP percentage of total XP
 D = Spawn monster count
 E = Non-spawn monster count
 F = Spawn count percentage of total count
 G = Total turns spent on level
                    A         B        C        D         E        F      G
               +---------+---------+-------+---------+---------+-------+---------
         Total |       9 |      44 |  17.0 |       5 |      13 |  27.8 |  1399
               +---------+---------+-------+---------+---------+-------+---------
           D:1 |       9 |      41 |  18.0 |       5 |      11 |  31.2 |  1281
           D:2 |       0 |       3 |   0.0 |       0 |       2 |   0.0 |    74
               +---------+---------+-------+---------+---------+-------+---------
